AoeStats
← Ancrypto

Arabia

510088718Analyzed
3v3 RM · 2d ago on Sep 29, 2026· 43m 43s· 6 players
Game mode
Random Map
Map size
Normal (6 player)
Population
200
Speed
Normal
Resources
Standard
Victory
Conquest
Starting age
Dark Age
Ending age
Imperial Age
RankedLock teamsTeams togetherTeam positionsShared explorationLock speedFull tech treeHidden civsTurbo modeCheats
Victory
Defeat
🇹🇼 Goths · Taiwan
989
+13
🇹🇼 Vietnamese · Taiwan
971
+14
🇹🇼 Byzantines · Taiwan
880
+18
🇳🇱 Vietnamese · Netherlands
1111
-23
🇳🇱 Portuguese · Netherlands
825
-28
🇳🇱 Spanish · Netherlands
825
-28
Licrovan
11:35 Feudal Age
22:24 Double-Bit Axe
ZeChaos
7:34 Loom
9:47 Feudal Age
10:21 Double-Bit Axe
15:38 Horse Collar
20:56 Castle Age
23:28 Crossbowman
25:02 Bow Saw
25:56 Husbandry
27:09 Heavy Plow
27:51 Fletching
28:24 Bodkin Arrow
31:48 Thumb Ring
38:53 Ballistics
40:52 Bloodlines
40:42 Husbandry
41:29 Padded Archer Armor
42:36 Wheelbarrow
43:23 Scale Barding Armor
43:55 Leather Archer Armor
Ancrypto
12:12 Feudal Age
20:17 Scale Barding Armor
20:21 Scale Mail Armor
25:38 Castle Age
28:18 Pikeman
34:38 Chain Barding Armor
s99316
10:38 Feudal Age
10:44 Man-at-Arms
17:50 Wheelbarrow
17:09 Double-Bit Axe
18:43 Horse Collar
19:07 Loom
21:50 Castle Age
21:47 Stone Mining
21:48 Gold Mining
22:30 Forging
22:21 Scale Mail Armor
25:17 Stone Shaft Mining
24:52 Squires
24:56 Long Swordsman
28:08 Heavy Plow
29:08 Bow Saw
31:23 Hand Cart
32:50 Town Watch
33:49 Anarchy
34:49 Town Patrol
36:13 Chain Mail Armor
38:55 Imperial Age
37:20 Iron Casting
39:12 Elite Huskarl
jason1230
12:41 Feudal Age
14:00 Loom
17:18 Castle Age
15:49 Double-Bit Axe
17:27 Horse Collar
22:33 Arson
26:12 Stone Mining
31:15 Squires
37:58 Forging
37:49 Scale Mail Armor
42:23 Gambesons
43:20 Iron Casting
43:00 Chain Mail Armor
鼓山車銀優
7:36 Loom
10:06 Feudal Age
10:33 Double-Bit Axe
16:44 Wheelbarrow
21:57 Castle Age
21:58 Gold Mining
23:49 Fletching
24:43 Stone Mining
26:09 Stone Shaft Mining
27:44 Forging
27:57 Bow Saw
28:40 Horse Collar
32:40 Town Watch
33:32 Scale Mail Armor
33:49 Pikeman
36:44 Chain Mail Armor
38:24 Heavy Plow
41:40 Imperial Age
39:32 Squires
39:18 Arson
40:10 Iron Casting
40:45 Bodkin Arrow
41:16 Ballistics
41:53 Padded Archer Armor
43:02 Paper Money
43:35 Thumb Ring
Connection lost

Rejoining the realm…

Still unreachable

The connection could not be restored.

Session expired

The server has moved on; the page needs a fresh start.